[Event "Titled Tuesday Blitz May 4 2021"]
[White "Kopjonkin, Kirill"]
[Black "Bugayev, Vladimir"]
[WhiteFideId "24140090"]
[BlackFideId "30901480"]
[WhiteElo "2224"]
[BlackElo "2334"]
[Result "1-0"]
[Round "02"]
[TimeControl "180+1"]
[Date "2021.05.04"]
[WhiteClock "0:01:55"]
[BlackClock "0:01:35"]

1. e4 c6 2. d4 d5 3. Nc3 dxe4 4. Nxe4 Nf6 5. Nxf6+ exf6 6. c3 Bd6 7. Bd3 O-O 8. Qc2 Re8+ 9. Ne2 h5 10. O-O h4 11. h3 Nd7 12. Bf4 Rxe2 13. Qxe2 Bxf4 14. Qe4 Bh6 15. Qh7+ Kf8 16. Rae1 Ne5 17. dxe5 f5 18. Bxf5 Bxf5 19. Qxf5 Qa5 20. a3 Re8 21. Re2 g6 22. Qf6 Bg7 23. Qxh4 Rxe5 24. Rxe5 Bxe5 25. Qb4+ Qxb4 26. axb4 1-0


[Site "https://www.chess.com"]

[Event "Titled Tuesday Blitz May 4 2021"]
[White "Korchagina, Alena"]
[Black "Silva, Kaua Marques"]
[WhiteFideId "24173452"]
[BlackFideId "22701168"]
[WhiteElo "1919"]
[BlackElo "2013"]
[Result "0-1"]
[Round "02"]
[TimeControl "180+1"]
[Date "2021.05.04"]
[WhiteClock "0:00:02"]
[BlackClock "0:01:29"]

1. Nf3 c5 2. c4 Nc6 3. Nc3 e5 4. d3 g6 5. g3 Bg7 6. Bg2 d6 7. O-O Nge7 8. e4 O-O 9. Ne1 f5 10. Nc2 f4 11. f3 g5 12. g4 Ng6 13. Rb1 a5 14. b3 Nh4 15. a3 h5 16. h3 Be6 17. Nd5 Ne7 18. b4 Nxd5 19. exd5 Bd7 20. bxc5 dxc5 21. Bd2 b6 22. Bc3 Ba4 23. Qe2 Re8 24. Rfe1 Qd6 25. Rb2 b5 26. Qe4 b4 27. axb4 axb4 28. Bd2 Bxc2 29. Rxc2 Ra3 30. gxh5 b3 31. Rb2 Rb8 32. Bc3 Ra2 33. Reb1 Bf6 0-1


[Site "https://www.chess.com"]

[Event "Titled Tuesday Blitz May 4 2021"]
[White "Kostiukov, Alexandr"]
[Black "Brunner, Nicolas"]
[WhiteFideId "14108100"]
[BlackFideId "620246"]
[WhiteElo "2240"]
[BlackElo "2372"]
[Result "0-1"]
[Round "02"]
[TimeControl "180+1"]
[Date "2021.05.04"]
[WhiteClock "0:00:01"]
[BlackClock "0:00:15"]

1. g3 c5 2. Bg2 Nc6 3. c4 g6 4. Nf3 Bg7 5. O-O e5 6. Nc3 Nge7 7. d3 d6 8. Ne1 Be6 9. Nc2 d5 10. cxd5 Nxd5 11. Nxd5 Bxd5 12. Bxd5 Qxd5 13. Ne3 Qd7 14. Bd2 h5 15. h4 O-O 16. Bc3 Nd4 17. Rc1 b6 18. Ng2 Kh7 19. e3 Ne6 20. Qf3 Qxd3 21. Rfd1 Qf5 22. Qxf5 gxf5 23. Rd5 f6 24. Rcd1 Rad8 25. Rd7 Kg6 26. Ne1 Rxd7 27. Rxd7 Rf7 28. Rd6 Re7 29. a4 Kf7 30. a5 Rb7 31. a6 Rc7 32. Nf3 Bf8 33. Rd5 c4 34. Kg2 Ke8 35. Bxe5 fxe5 36. Rxe5 Kd7 37. Rxf5 Rc5 38. Rf7+ Be7 39. Rh7 b5 40. Nd2 b4 41. Ne4 Rf5 42. f3 Nc5 0-1


[Site "https://www.chess.com"]

[Event "Titled Tuesday Blitz May 4 2021"]
[White "Kovalev, Egor"]
[Black "Lamaze, Simon"]
[WhiteFideId "24124117"]
[BlackFideId "36069264"]
[WhiteElo "2253"]
[BlackElo "1938"]
[Result "0-1"]
[Round "02"]
[TimeControl "180+1"]
[Date "2021.05.04"]
[WhiteClock "0:00:05"]
[BlackClock "0:00:05"]

1. e4 c5 2. Nf3 Nc6 3. d4 cxd4 4. Nxd4 Nf6 5. Nc3 d6 6. f3 e5 7. Nb3 Be7 8. Be3 O-O 9. Qd2 a5 10. Bb5 Be6 11. O-O-O Na7 12. Bxa7 Rxa7 13. g4 Qb6 14. Ba4 Rd8 15. Kb1 d5 16. g5 dxe4 17. gxf6 Rxd2 18. fxe7 Rxd1+ 19. Rxd1 Ra8 20. fxe4 Qc7 21. e8=Q+ Rxe8 22. Bxe8 Qe7 23. Bb5 g6 24. Nxa5 Kg7 25. a4 Qh4 26. Nxb7 Qxh2 27. a5 Qf2 28. Nd8 Bg4 29. Rd3 h5 30. Bd7 Qg1+ 31. Ka2 h4 32. a6 Bxd7 33. Rxd7 Qb6 34. a7 Qa6+ 35. Kb3 h3 36. Ne2 Qb5+ 37. Kc3 h2 38. Ng3 Qxd7 39. a8=Q Qd4+ 40. Kb3 Qe3+ 41. c3 Qxg3 42. Qb7 Qf3 43. Qxf7+ Qxf7+ 44. Nxf7 Kxf7 45. Kc4 h1=Q 46. b4 Qxe4+ 0-1


[Site "https://www.chess.com"]

[Event "Titled Tuesday Blitz May 4 2021"]
[White "Krasilnikov, Evgeni"]
[Black "Chirila, Ioan-Cristian"]
[WhiteFideId "4139739"]
[BlackFideId "1211668"]
[WhiteElo "2357"]
[BlackElo "2445"]
[Result "0-1"]
[Round "02"]
[TimeControl "180+1"]
[Date "2021.05.04"]
[WhiteClock "0:01:54"]
[BlackClock "0:01:06"]

1. e4 c5 2. c3 Nf6 3. e5 Nd5 4. d4 cxd4 5. Nf3 d6 6. Bc4 e6 7. cxd4 Nc6 8. O-O Be7 9. Re1 O-O 10. Qe2 Bd7 11. Qe4 Rc8 12. Bd3 f5 13. exf6 Nxf6 14. Qe2 Nb4 15. Nc3 Nxd3 16. Qxd3 Qa5 17. Ng5 e5 18. Bd2 h6 19. Nd5 Qxd5 0-1


[Site "https://www.chess.com"]

[Event "Titled Tuesday Blitz May 4 2021"]
[White "Kubatko, Ivan"]
[Black "Marin Masis, Jose Esteban"]
[WhiteFideId "24111473"]
[BlackFideId "6508146"]
[WhiteElo "2285"]
[BlackElo "1693"]
[Result "0-1"]
[Round "02"]
[TimeControl "180+1"]
[Date "2021.05.04"]
[WhiteClock "0:00:01"]
[BlackClock "0:00:12"]

1. e4 c5 2. c3 d5 3. exd5 Qxd5 4. d4 g6 5. Nf3 Bg7 6. Be3 cxd4 7. Nxd4 Nf6 8. c4 Qa5+ 9. Nc3 O-O 10. Be2 e5 11. Nb3 Qc7 12. Nb5 Qe7 13. Bc5 Qd8 14. Bxf8 Qxf8 15. Nc7 Na6 16. Nxa8 Be6 17. O-O Qxa8 18. Qd6 Ne4 19. Qe7 Bf6 20. Qa3 Qc8 21. c5 Ng5 22. Rac1 Bh3 23. Na5 Bxg2 24. Kxg2 e4 25. h4 Ne6 26. Bg4 Nf4+ 27. Kg3 Nh5+ 28. Bxh5 gxh5 29. Qe3 Qg4+ 30. Kh2 Be5+ 31. Kh1 Qxh4+ 32. Kg2 Qh2# 0-1


[Site "https://www.chess.com"]

[Event "Titled Tuesday Blitz May 4 2021"]
[White "Kubicka, Anna"]
[Black "Bendayan Claros, Aaron"]
[WhiteFideId "1152254"]
[BlackFideId "3803392"]
[WhiteElo "2010"]
[BlackElo "2166"]
[Result "1-0"]
[Round "02"]
[TimeControl "180+1"]
[Date "2021.05.04"]
[WhiteClock "0:00:17"]
[BlackClock "0:00:09"]

1. e4 c6 2. d4 d5 3. exd5 cxd5 4. Bd3 Nc6 5. c3 Nf6 6. h3 g6 7. Bf4 Bg7 8. Nd2 O-O 9. Ne2 Bf5 10. Bxf5 gxf5 11. Qc2 e6 12. O-O-O Qa5 13. Kb1 Ne4 14. Nxe4 fxe4 15. f3 f5 16. Bd6 Rf7 17. Nf4 Re8 18. g4 Qd8 19. Be5 Nxe5 20. dxe5 Bxe5 21. Nh5 Qh4 22. Qe2 a6 23. Rhg1 Kh8 24. f4 fxg4 25. hxg4 Bxf4 26. Nxf4 Rxf4 27. g5 Rf2 28. Qe3 Qh2 29. Qb6 Kg8 30. g6 h5 31. Qxb7 Rxb2+ 32. Qxb2 Rb8 33. Qxb8+ Qxb8+ 34. Ka1 Qe5 35. Kb2 h4 36. g7 h3 37. Rdf1 Qb8+ 38. Kc2 h2 39. Rf8+ Qxf8 40. gxf8=Q+ Kxf8 41. Rh1 e3 42. Rxh2 e2 43. Rxe2 Ke7 44. Kd3 Kd6 45. Kd4 1-0


[Site "https://www.chess.com"]

[Event "Titled Tuesday Blitz May 4 2021"]
[White "Kusa, Jakub"]
[Black "katchesskat"]
[WhiteFideId "395595"]
[WhiteElo "2053"]
[BlackElo "2273"]
[Result "0-1"]
[Round "02"]
[TimeControl "180+1"]
[Date "2021.05.04"]
[WhiteClock "0:00:01"]
[BlackClock "0:00:49"]

1. e4 c5 2. Nf3 e6 3. g3 a6 4. Bg2 b5 5. O-O Bb7 6. a4 Bxe4 7. Nc3 Bc6 8. axb5 axb5 9. Rxa8 Bxa8 10. Nxb5 Qb6 11. Nc3 Nf6 12. d3 d5 13. b3 Bd6 14. Bb2 d4 15. Na4 Qc7 16. Nxd4 Bxg2 17. Nb5 Qc6 18. Nxd6+ Ke7 19. Bxf6+ gxf6 20. Nf5+ exf5 21. Re1+ Kf8 22. Qh5 Kg7 23. Qxf5 h5 24. Nxc5 Bf3 25. Re7 Bg4 26. Ne6+ Qxe6 27. Rxe6 Bxf5 28. Rd6 Nd7 29. c4 Rb8 30. d4 Rxb3 31. c5 Rc3 32. c6 Nf8 33. d5 Rc5 34. Rd8 Be4 35. f3 Bxd5 36. c7 Be6 0-1


[Site "https://www.chess.com"]

[Event "Titled Tuesday Blitz May 4 2021"]
[White "Lagunow, Raphael"]
[Black "Grineva, Marianna"]
[WhiteFideId "24652644"]
[BlackFideId "14102013"]
[WhiteElo "2400"]
[BlackElo "1925"]
[Result "1-0"]
[Round "02"]
[TimeControl "180+1"]
[Date "2021.05.04"]
[WhiteClock "0:00:26"]
[BlackClock "0:00:40"]

1. e4 c5 2. Nf3 d6 3. d4 cxd4 4. Nxd4 Nf6 5. Nc3 Nc6 6. Bg5 e6 7. Qd2 Be7 8. O-O-O a6 9. f4 Qc7 10. Kb1 h6 11. Bxf6 gxf6 12. f5 Nxd4 13. Qxd4 Qc5 14. Qxc5 dxc5 15. a4 b6 16. Bc4 Bd7 17. Rhf1 Rg8 18. g3 h5 19. Rf4 Rg4 20. Rxg4 hxg4 21. fxe6 fxe6 22. e5 f5 23. h4 gxh3 24. Rh1 Kf7 25. Rxh3 Kg7 26. g4 Rf8 27. Bxa6 fxg4 28. Rg3 Rf4 29. Be2 Bh4 30. Rxg4+ Rxg4 31. Bxg4 Bg3 32. a5 bxa5 33. Ne4 Bxe5 34. Nxc5 Bc8 35. Bxe6 Bxe6 36. Nxe6+ Kf6 37. Nc5 Ke7 38. Ka2 Bd4 39. Nb3 Bb6 40. Ka3 Kd6 41. Ka4 Kd5 42. Nxa5 Bd4 43. b4 Kd6 44. c4 Kc7 45. Kb5 Bc3 46. c5 Be5 47. Nc4 Bd4 48. Nd2 Bc3 49. Nb3 Be1 50. Kc4 Bf2 51. b5 Kb7 52. b6 Ka6 53. Nd4 Kb7 54. Ne6 Kc6 55. Nd8+ Kd7 56. Nf7 Kc6 57. Ne5+ Kb7 58. Kb5 Bg3 59. c6+ Kb8 60. Nd7+ Kc8 61. b7+ Kd8 62. b8=Q+ Bxb8 63. Nxb8 Kc7 64. Na6+ Kc8 65. Kb6 Kd8 66. Kb7 1-0


[Site "https://www.chess.com"]

[Event "Titled Tuesday Blitz May 4 2021"]
[White "Landaw, Julian"]
[Black "Wagner, Dennis"]
[WhiteFideId "2023342"]
[BlackFideId "24650684"]
[WhiteElo "2312"]
[BlackElo "2355"]
[Result "1/2-1/2"]
[Round "02"]
[TimeControl "180+1"]
[Date "2021.05.04"]
[WhiteClock "0:01:45"]
[BlackClock "0:02:33"]

1. e4 e5 2. Nf3 Nc6 3. Bb5 a6 4. Ba4 Nf6 5. O-O Nxe4 6. d4 b5 7. Bb3 d5 8. dxe5 Be6 9. Nbd2 Nc5 10. c3 Be7 11. Bc2 d4 12. cxd4 Nxd4 13. Nxd4 Qxd4 14. Nf3 Qxd1 15. Rxd1 Rd8 16. Be3 Na4 17. Bxa4 bxa4 18. Rxd8+ Kxd8 19. Nd4 1/2-1/2


[Site "https://www.chess.com"]

[Event "Titled Tuesday Blitz May 4 2021"]
[White "Laxman, R.R."]
[Black "Sirosh, Ilja"]
[WhiteFideId "5005361"]
[BlackFideId "4500458"]
[WhiteElo "2476"]
[BlackElo "2241"]
[Result "0-1"]
[Round "02"]
[TimeControl "180+1"]
[Date "2021.05.04"]
[WhiteClock "0:01:40"]
[BlackClock "0:00:54"]

1. d4 d5 2. Nf3 c5 3. c4 e6 4. cxd5 exd5 5. g3 Nc6 6. Bg2 cxd4 7. Nxd4 Bc5 8. Nb3 Bb6 9. O-O Nf6 10. Nc3 d4 11. Na4 O-O 12. Bg5 Re8 13. Nxb6 axb6 14. Bxc6 bxc6 15. Qxd4 Qxd4 16. Nxd4 c5 17. Bxf6 gxf6 18. Nb5 Rxe2 19. b3 Raxa2 20. Rxa2 Rxa2 21. Rd1 Bh3 22. Nc3 Rb2 23. Nd5 Kg7 24. Nf4 Bg4 25. Rd3 Be6 26. Nxe6+ fxe6 27. Kg2 e5 28. Kf3 Kf7 29. g4 Ke6 30. h4 h6 31. Ke3 b5 32. Rc3 Kd5 33. Rd3+ Kc6 34. f3 c4 35. bxc4 bxc4 36. Rd8 Kc5 37. Ke4 c3 38. Kf5 Rb6 39. Rd1 Kc4 40. Kg6 c2 41. Rc1 Kd3 42. Kxh6 f5+ 43. Kg5 e4 44. Kf4 e3 45. Rxc2 Rb4+ 46. Kxf5 Kxc2 47. h5 e2 0-1


[Site "https://www.chess.com"]

[Event "Titled Tuesday Blitz May 4 2021"]
[White "Le, Tuan Minh"]
[Black "Trent, Lawrence"]
[WhiteFideId "12401153"]
[BlackFideId "408638"]
[WhiteElo "2450"]
[BlackElo "2474"]
[Result "1-0"]
[Round "02"]
[TimeControl "180+1"]
[Date "2021.05.04"]
[WhiteClock "0:01:06"]
[BlackClock "0:00:57"]

1. d4 Nf6 2. Nf3 c5 3. c3 g6 4. Bg5 Bg7 5. Nbd2 O-O 6. dxc5 b6 7. cxb6 Qxb6 8. Qb3 Qc7 9. e3 Nc6 10. Be2 d6 11. O-O Rb8 12. Qa3 h6 13. Bh4 g5 14. Bg3 Nh5 15. Rfd1 f5 16. Nd4 Nxg3 17. hxg3 Ne5 18. Rac1 e6 19. N4f3 Ng4 20. Nb3 Bb7 21. Qxd6 Qxd6 22. Rxd6 Bd5 23. c4 Be4 24. Rxe6 Bxb2 25. Rd1 Rf6 26. Re7 Ra6 27. Nc5 Rxa2 28. Nxe4 fxe4 29. c5 Ra4 30. Nxg5 Nxf2 31. Kxf2 hxg5 32. c6 Rf8+ 33. Kg1 Bf6 34. Red7 Be5 35. R7d5 Re8 36. Rxe5 Rxe5 37. c7 1-0


[Site "https://www.chess.com"]

[Event "Titled Tuesday Blitz May 4 2021"]
[White "Lejean-Anusca, Madalina-Maria"]
[Black "Unneland, Mathias"]
[WhiteFideId "1215396"]
[BlackFideId "1525581"]
[WhiteElo "2002"]
[BlackElo "1975"]
[Result "0-1"]
[Round "02"]
[TimeControl "180+1"]
[Date "2021.05.04"]
[WhiteClock "0:00:23"]
[BlackClock "0:00:53"]

1. d4 Nf6 2. e3 e6 3. Bd3 c5 4. f4 d5 5. c3 Be7 6. Nf3 O-O 7. Nbd2 b6 8. O-O Ba6 9. Bxa6 Nxa6 10. Ne5 Nc7 11. Ndf3 Nce8 12. Ng5 h6 13. Ngf3 Nd6 14. Bd2 Nfe4 15. Be1 c4 16. Nd2 Qc7 17. Nxe4 Nxe4 18. Qg4 f5 19. Qg6 Rf6 20. Qh5 Kh7 21. Bh4 g6 22. Qe2 Rff8 23. Bxe7 Qxe7 24. Qf3 Nd2 25. Qg3 Rg8 26. Rfd1 Ne4 27. Qe1 g5 28. Qe2 gxf4 29. exf4 Qh4 30. Rf1 Rg7 31. Nf3 Qh5 32. Ng5+ Rxg5 33. Qxh5 Rxh5 34. Rad1 Rh4 35. Rf3 Rg4 36. g3 Rh8 37. Kg2 Rhg8 38. a3 a5 39. Re1 b5 40. Ree3 h5 41. h3 R4g7 42. h4 Rb8 43. Re2 b4 44. axb4 axb4 45. Kh3 bxc3 46. bxc3 Rb3 47. Rc2 Ra7 48. Re3 Raa3 49. Kg2 Rxc3 50. Rcxc3 Rxc3 51. Re1 Rd3 52. Ra1 Rxd4 53. Ra7+ Kg6 54. Ra6 Kf6 55. Ra8 Rd2+ 56. Kf3 d4 57. Rf8+ Ke7 58. Rh8 Rf2# 0-1


[Site "https://www.chess.com"]

[Event "Titled Tuesday Blitz May 4 2021"]
[White "Lewtak, Damian"]
[Black "Csonka, Balazs"]
[WhiteFideId "1141724"]
[BlackFideId "742910"]
[WhiteElo "2291"]
[BlackElo "2404"]
[Result "0-1"]
[Round "02"]
[TimeControl "180+1"]
[Date "2021.05.04"]
[WhiteClock "0:00:24"]
[BlackClock "0:00:23"]

1. e4 e6 2. d3 c5 3. Qe2 Nc6 4. Nf3 g6 5. g3 Bg7 6. Bg2 Nge7 7. c3 O-O 8. O-O b5 9. Rd1 b4 10. d4 bxc3 11. bxc3 cxd4 12. cxd4 d5 13. e5 a5 14. g4 Ba6 15. Qe3 Nb4 16. Na3 Qd7 17. h4 Rfc8 18. Bd2 Qa4 19. Qb3 Qd7 20. Qe3 Nd3 21. Bf1 Nb2 22. Bxa6 Rxa6 23. Rdc1 Nc4 24. Nxc4 dxc4 25. Rc2 Nd5 26. Qe4 c3 27. Rac1 Rac6 28. Be1 Bh6 29. g5 Bf8 30. h5 Ba3 31. hxg6 fxg6 32. Nh2 Bxc1 33. Rxc1 Qf7 34. Ng4 Qf4 35. Nf6+ Kf7 36. Qxf4 Nxf4 37. Rc2 Nd3 38. Kf1 Nb4 0-1


[Site "https://www.chess.com"]

[Event "Titled Tuesday Blitz May 4 2021"]
[White "Lizlov, Alexey"]
[Black "Shankovskyi, Andrii"]
[WhiteFideId "4179803"]
[BlackFideId "14121565"]
[WhiteElo "2272"]
[BlackElo "2269"]
[Result "1-0"]
[Round "02"]
[TimeControl "180+1"]
[Date "2021.05.04"]
[WhiteClock "0:00:31"]
[BlackClock "0:00:05"]

1. e4 e6 2. Nf3 d5 3. Nc3 c5 4. Qe2 Be7 5. g3 Nc6 6. Bg2 d4 7. Nb1 e5 8. d3 Nf6 9. O-O O-O 10. h3 h6 11. Ne1 Be6 12. f4 exf4 13. gxf4 Qc7 14. Nd2 Rfe8 15. a4 Qa5 16. Qf2 Bd7 17. Nc4 Qc7 18. Bd2 b6 19. Nf3 a6 20. Rae1 b5 21. axb5 axb5 22. Nce5 Nxe5 23. Nxe5 Bd6 24. Nxd7 Nxd7 25. e5 Be7 26. Bxa8 Rxa8 27. Qg3 c4 28. f5 c3 29. bxc3 dxc3 30. Bxh6 Bc5+ 31. Be3 Ra2 32. d4 Bb6 33. Rf2 1-0


[Site "https://www.chess.com"]

[Event "Titled Tuesday Blitz May 4 2021"]
[White "Lonoff, Marc"]
[Black "Atanasov, Anthony"]
[WhiteFideId "2001349"]
[BlackFideId "2623897"]
[WhiteElo "2238"]
[BlackElo "1889"]
[Result "0-1"]
[Round "02"]
[TimeControl "180+1"]
[Date "2021.05.04"]
[WhiteClock "0:00:02"]
[BlackClock "0:00:04"]

1. c4 Nf6 2. Nc3 d5 3. cxd5 Nxd5 4. g3 g6 5. Bg2 Nxc3 6. bxc3 Bg7 7. Rb1 O-O 8. Rxb7 Bxb7 9. Bxb7 Nd7 10. Bxa8 Qxa8 11. f3 Qd5 12. Qb3 Qc6 13. Nh3 Nc5 14. Qc2 Rd8 15. O-O e5 16. Nf2 f5 17. Ba3 Bh6 18. Bxc5 Qxc5 19. Qb3+ Kh8 20. d3 Be3 21. Kg2 Bd2 22. c4 c6 23. f4 Qe3 24. Qb2 Qxe2 25. Qxe5+ Qxe5 26. fxe5 Bc3 27. e6 Re8 28. Rb1 Rxe6 29. Rb8+ Kg7 30. Rb7+ Kh6 31. Rxa7 Re2 32. Rd7 Rxa2 33. Kf3 c5 34. h4 Bd4 35. Nh3 Rd2 36. g4 Rxd3+ 37. Kg2 Rd2+ 38. Kf3 fxg4+ 39. Kxg4 Rg2+ 40. Kf3 Rh2 41. Kg4 Rg2+ 42. Kf3 Ra2 43. Ng5 Ra3+ 44. Ke4 Bg7 45. Nf7+ Kh5 46. Ng5 Bd4 47. Rxh7+ Kg4 48. Rh6 Re3+ 0-1


[Site "https://www.chess.com"]

[Event "Titled Tuesday Blitz May 4 2021"]
[White "Loy, Konstantin"]
[Black "Funderburg, John T"]
[WhiteFideId "14122499"]
[BlackFideId "2004992"]
[WhiteElo "2084"]
[BlackElo "2063"]
[Result "1-0"]
[Round "02"]
[TimeControl "180+1"]
[Date "2021.05.04"]
[WhiteClock "0:01:58"]
[BlackClock "0:01:37"]

1. e4 e6 2. d3 d5 3. Nd2 c5 4. Ngf3 Nc6 5. g3 Bd6 6. Bg2 Nge7 7. O-O O-O 8. Nh4 b6 9. f4 dxe4 10. dxe4 e5 11. c3 exf4 12. gxf4 Ng6 13. Nxg6 hxg6 14. e5 1-0


[Site "https://www.chess.com"]

[Event "Titled Tuesday Blitz May 4 2021"]
[White "Luberanski, Jakub"]
[Black "Zverev, Lev"]
[WhiteFideId "21830509"]
[BlackFideId "24250775"]
[WhiteElo "2078"]
[BlackElo "2107"]
[Result "0-1"]
[Round "02"]
[TimeControl "180+1"]
[Date "2021.05.04"]
[WhiteClock "0:00:08"]
[BlackClock "0:01:25"]

1. Nf3 Nf6 2. g3 d5 3. Bg2 e6 4. O-O Be7 5. d3 O-O 6. Nbd2 c5 7. e4 Nc6 8. Re1 d4 9. Rf1 e5 10. Ne1 b5 11. a4 Ba6 12. axb5 Bxb5 13. Nc4 Bxc4 14. dxc4 Ne8 15. Nd3 Nd6 16. b3 Qb6 17. f4 f6 18. Bh3 Nxe4 19. Be6+ Kh8 20. Bf5 Nd6 21. Qh5 Nxf5 22. Qxf5 Bd6 23. Bd2 Rae8 24. fxe5 fxe5 25. Qe4 Qc7 26. Rxf8+ Rxf8 27. Ra6 Nb8 28. Ra1 Nd7 29. Ba5 Qc8 30. Qd5 Bc7 31. Bd2 Nf6 32. Qxc5 e4 33. Nf4 Bb6 34. Qxc8 Rxc8 35. Kg2 Rc6 36. Rf1 g5 37. Nd5 Nxd5 38. cxd5 Rxc2 39. Rf2 d3 40. Rf8+ Kg7 0-1


[Site "https://www.chess.com"]

[Event "Titled Tuesday Blitz May 4 2021"]
[White "Madaminov, Mukhiddin"]
[Black "Iljushina, Olga"]
[WhiteFideId "14210703"]
[BlackFideId "4152280"]
[WhiteElo "1747"]
[BlackElo "1967"]
[Result "1-0"]
[Round "02"]
[TimeControl "180+1"]
[Date "2021.05.04"]
[WhiteClock "0:00:22"]
[BlackClock "0:00:14"]

1. e4 c5 2. Nf3 Nc6 3. Bb5 g6 4. O-O Bg7 5. Re1 e5 6. c3 Nge7 7. Bf1 O-O 8. Na3 d5 9. d3 dxe4 10. dxe4 Bg4 11. h3 Qxd1 12. Rxd1 Bxf3 13. gxf3 Rfd8 14. Be3 b6 15. Bc4 Na5 16. Kf1 Nxc4 17. Nxc4 f6 18. a4 Nc6 19. Ke2 Bf8 20. Rxd8 Rxd8 21. Rd1 Rxd1 22. Kxd1 Kf7 23. Kc2 Ke6 24. f4 Be7 25. Kd3 Bd8 26. fxe5 fxe5 27. Na3 a6 28. f3 Bc7 29. Kc4 Na5+ 30. Kd3 Nc6 31. Bg5 Bd6 32. Nc4 Bc7 33. Ne3 b5 34. Nd5 c4+ 35. Kc2 Ba5 36. b4 cxb3+ 37. Kxb3 Kd6 38. Be3 Bd8 39. axb5 axb5 40. Bf2 h5 41. Be3 g5 42. Bf2 Ne7 43. Nf6 h4 44. Be3 Ng6 45. Nd5 Nf4 46. Nxf4 gxf4 47. Bf2 Kc6 48. c4 bxc4+ 49. Kxc4 Be7 50. Bg1 Bf6 51. Bc5 Bd8 52. Bf8 Bf6 53. Kb4 Kb6 54. Bc5+ Kc6 55. Bf2 Be7+ 56. Kc4 Bf6 57. Be1 Be7 58. Bc3 Bf6 59. Bb4 Bd8 60. Bf8 Bf6 61. Bh6 Kb6 62. Kd5 Kc7 63. Bf8 Kd7 64. Bd6 Bg5 65. Bxe5 Ke7 66. Bd6+ Kf6 67. Bc7 Ke7 68. Ke5 1-0


[Site "https://www.chess.com"]

[Event "Titled Tuesday Blitz May 4 2021"]
[White "Maiorov, Nikita"]
[Black "Poghosyan, Suren"]
[WhiteFideId "13501720"]
[BlackFideId "13303201"]
[WhiteElo "2440"]
[BlackElo "2314"]
[Result "1-0"]
[Round "02"]
[TimeControl "180+1"]
[Date "2021.05.04"]
[WhiteClock "0:00:20"]
[BlackClock "0:00:03"]

1. d4 Nf6 2. c4 e6 3. Nf3 d5 4. Nc3 Bb4 5. Bg5 h6 6. Bxf6 Qxf6 7. Qa4+ Nc6 8. e3 O-O 9. Be2 Bxc3+ 10. bxc3 Bd7 11. Qa3 dxc4 12. Bxc4 e5 13. O-O Bg4 14. Nd2 Qg6 15. Rfe1 a6 16. Bf1 Rad8 17. Rab1 b6 18. Qxa6 Ra8 19. Qc4 Rfc8 20. d5 Na5 21. Qd3 Bf5 22. e4 Bd7 23. Rb2 Nb7 24. Nb3 Ba4 25. c4 Bxb3 26. axb3 Nc5 27. Qc3 Ra3 28. Qc2 Rca8 29. b4 Na4 30. Rb3 Rxb3 31. Qxb3 b5 32. c5 Qa6 33. Rd1 Kh7 34. d6 cxd6 35. Rxd6 Qa7 36. Bxb5 Nxc5 37. bxc5 Qxc5 38. Rd1 Rb8 39. Rb1 f5 40. exf5 e4 41. h3 Qxf5 42. Rb2 Kh8 43. Qa4 Qe5 44. Rb3 Rb6 45. Bf1 Rf6 46. Re3 Qf5 47. Qc2 Re6 48. Qd2 Kh7 49. g3 Qg5 50. Qe1 Qe5 51. Bg2 Qd4 52. h4 Qd5 53. Bxe4+ Rxe4 54. Rxe4 Qf5 1-0


[Site "https://www.chess.com"]

[Event "Titled Tuesday Blitz May 4 2021"]
[White "Manukian, Artak"]
[Black "Sviridova, Vlada"]
[WhiteFideId "13301373"]
[BlackFideId "24109606"]
[WhiteElo "2465"]
[BlackElo "2101"]
[Result "1-0"]
[Round "02"]
[TimeControl "180+1"]
[Date "2021.05.04"]
[WhiteClock "0:00:16"]
[BlackClock "0:00:08"]

1. e4 e6 2. d4 d5 3. e5 c5 4. c3 Qb6 5. Nf3 Nc6 6. a3 c4 7. Nbd2 Na5 8. Rb1 Bd7 9. g3 Ne7 10. Bh3 Qc7 11. O-O Nc8 12. Nh4 g5 13. Ng2 h5 14. Ne1 g4 15. Bg2 Nb6 16. f4 O-O-O 17. Rf2 Be7 18. Nf1 h4 19. Qxg4 Rdg8 20. Qe2 hxg3 21. hxg3 Qd8 22. Nf3 Qf8 23. Ng5 Qg7 24. Nh2 Bxg5 25. fxg5 Qh7 26. g6 Qxh2+ 27. Kf1 Rxg6 28. Bf4 Rhg8 29. Qf3 Qh7 30. Re1 Nb3 31. Kg1 Na5 32. Be3 R8g7 33. Bf4 Nc6 34. Qd1 Ne7 35. Bf3 Nf5 36. Rh2 Qg8 37. Kh1 Nxg3+ 38. Bxg3 Rxg3 39. Rf1 Ba4 40. Qe1 Rh7 41. Qxg3 Qxg3 42. Rxh7 Bc2 43. Rxf7 Be4 44. Bxe4 Qh3+ 45. Kg1 dxe4 46. Rg7 e3 47. Rf8# 1-0


[Site "https://www.chess.com"]

[Event "Titled Tuesday Blitz May 4 2021"]
[White "Manukyan, Sargis A."]
[Black "Lauridsen, Jesper Morch"]
[WhiteFideId "13303970"]
[BlackFideId "1401890"]
[WhiteElo "2187"]
[BlackElo "2268"]
[Result "1-0"]
[Round "02"]
[TimeControl "180+1"]
[Date "2021.05.04"]
[WhiteClock "0:00:36"]
[BlackClock "0:00:01"]

1. d4 Nf6 2. c4 g6 3. Nc3 Bg7 4. Nf3 O-O 5. g3 c5 6. d5 d6 7. Bg2 e6 8. O-O exd5 9. cxd5 Re8 10. Nd2 Nbd7 11. Nc4 Nb6 12. Nxb6 Qxb6 13. e4 Ng4 14. h3 Ne5 15. Kh2 c4 16. Na4 Qc7 17. Nc3 Bd7 18. f4 Nd3 19. Qc2 b5 20. a3 a5 21. e5 dxe5 22. d6 Qxd6 23. Bxa8 Rxa8 24. a4 exf4 25. Bxf4 Nxf4 26. Rxf4 Be5 27. Ne4 Qe6 28. Ng5 Qe7 29. Qe4 Re8 30. Rd1 Bxf4 31. Qxe7 Bxg3+ 32. Kxg3 Rxe7 33. axb5 Bxb5 34. Rd5 Re3+ 35. Kf4 Rb3 36. Ne4 Rxb2 37. h4 a4 38. h5 Kg7 39. Nc3 Bc6 40. Rc5 Rf2+ 41. Kg4 f5+ 42. Kh4 Be4 43. Nxa4 Bd3 44. Nc3 gxh5 45. Nd5 Be4 46. Rc7+ Kf8 47. Nf6 Rh2+ 48. Kg5 Rg2+ 49. Kf4 Rg7 50. Rc8+ Ke7 51. Ke5 Rg6 52. Rc7+ Kd8 53. Rxc4 Rxf6 54. Kxf6 Kd7 55. Ra4 h4 56. Ra7+ Kd6 57. Rxh7 h3 58. Rxh3 Kd5 59. Kg5 Ke5 60. Rh4 Bd3 61. Ra4 Be4 62. Ra5+ Kd4 63. Kf4 Kd3 64. Ra6 Kc4 65. Rd6 Kc5 66. Rd8 Kc6 67. Ke5 Kc5 68. Rd1 Kc4 69. Rd8 Kc3 70. Kf4 Kc4 71. Ke3 Kc5 72. Rd4 Kc6 73. Rc4+ Kd5 74. Ra4 Ke5 75. Ra5+ Ke6 76. Kd4 Kf6 77. Rb5 Kg5 78. Ke5 Kg4 79. Rb3 Kg5 80. Rg3+ Kh6 81. Kf6 Kh7 82. Rg6 Kh8 83. Kf7 Kh7 84. Rf6 1-0


[Site "https://www.chess.com"]

[Event "Titled Tuesday Blitz May 4 2021"]
[White "Maranhao,Jose Renato Ruiz"]
[Black "Todorovic, Bojan"]
[WhiteFideId "2135175"]
[BlackFideId "917087"]
[WhiteElo "1970"]
[BlackElo "2266"]
[Result "0-1"]
[Round "02"]
[TimeControl "180+1"]
[Date "2021.05.04"]
[WhiteClock "0:00:14"]
[BlackClock "0:01:11"]

1. e4 g6 2. d4 Bg7 3. Nc3 d6 4. f4 a6 5. Nf3 Nd7 6. Bd3 b5 7. a3 Bb7 8. h4 c5 9. dxc5 Nxc5 10. h5 Bxc3+ 11. bxc3 Bxe4 12. Bxe4 Nxe4 13. hxg6 fxg6 14. Qd4 Ngf6 15. Ng5 Qc8 16. Bb2 Qc4 17. O-O-O Qxd4 18. cxd4 Nxg5 19. fxg5 Nd5 20. Rh6 O-O 21. Rdh1 Rf7 22. Kd2 Rc8 23. R6h3 Rf2+ 24. Kd3 Nf4+ 25. Ke4 Nxh3 26. gxh3 Rfxc2 27. Ba1 Rc1 28. Rxc1 Rxc1 29. Bb2 Rc2 0-1


[Site "https://www.chess.com"]

[Event "Titled Tuesday Blitz May 4 2021"]
[White "Marcinczyk, Monika"]
[Black "Paiva, Henrique M A Albergaria"]
[WhiteFideId "1192051"]
[BlackFideId "1920995"]
[WhiteElo "1640"]
[BlackElo "2055"]
[Result "0-1"]
[Round "02"]
[TimeControl "180+1"]
[Date "2021.05.04"]
[WhiteClock "0:00:03"]
[BlackClock "0:02:18"]

1. e4 c5 2. Nf3 d6 3. d4 cxd4 4. Nxd4 Nf6 5. Nc3 Nc6 6. Be3 e5 7. Nf3 h6 8. Bc4 Be7 9. h3 O-O 10. Qd2 a6 11. a4 Qc7 12. O-O Nd4 13. Nxd4 Qxc4 14. b3 Qc7 15. Nf5 Bxf5 16. exf5 Rfd8 17. Nd5 Nxd5 18. Qxd5 Qxc2 19. Qxb7 Bf6 20. Qd5 Qxf5 21. Bb6 Re8 22. Qxd6 e4 23. Rac1 Be5 24. Qd2 Bf4 0-1


[Site "https://www.chess.com"]